 Dungeon Crawl Stone Soup version 0.17-a0-226-ge260c71 (webtiles) character file.

25 xeno23 the Magician (level 2, -1/20 HPs)
             Began as a Draconian Wizard on Mar 28, 2015.
             Slain by a quokka (2 damage)
             ... on level 3 of the Dungeon.
             The game lasted 00:07:16 (835 turns).

xeno23 the Magician (Draconian Wizard)               Turns: 835, Time: 00:07:16

Health: -1/20      AC:  4    Str:  9    XL:     2   Next: 82%
Magic:  1/6        EV: 12    Int: 18    God:
Gold:   34         SH:  0    Dex:  9    Spells: 3 memorised, 2 levels left

rFire  . . .     SeeInvis .     l - +0 short sword
rCold  . . .     Clarity  .     (armour unavailable)
rNeg   . . .     SustAb   +     (no shield)
rPois  .         Gourm    .     b - +0 hat
rElec  .         Spirit   .     (no cloak)
rCorr  .         Warding  .     (no gloves)
rMut   .         Stasis   .     (no boots)
MR     .....                    (no amulet)
Stlth  +.........               (no ring)
                                a - ring of sustain abilities

@: not resistant to hostile enchantments, very unstealthy
A: unfitting armour, cold-blooded, AC +4
a: no special abilities


You were on level 3 of the Dungeon.
You were not hungry.

You visited 1 branch of the dungeon, and saw 3 of its levels.

You collected 34 gold pieces.

Inventory:

Hand weapons
 l - a +0 short sword (weapon)
Missiles
 j - 17 poisoned needles
Armour
 b - a +0 hat (worn)
 k - a +1 large shield of protection
Jewellery
 a - a ring of sustain abilities (left hand)
 m - an uncursed amulet of stasis
Scrolls
 f - 2 scrolls of enchant weapon {unknown}
 h - a scroll of identify {unknown}
Potions
 e - a potion of ambrosia {unknown}
 g - a potion of curing
 i - 2 potions of haste {unknown}
Books
 c - a book of Minor Magic

   Spells                             Type                      Level
   a - Magic Dart                     Conjuration                  1
   b - Blink                          Translocation                2
   c - Call Imp                       Summoning                    2
   d - Repel Missiles                 Charms/Air                   2
   e - Slow                           Hexes                        2
   f - Conjure Flame                  Conjuration/Fire             3
   g - Mephitic Cloud                 Conjuration/Poison/Air       3
Comestibles
 d - 2 bread rations


   Skills:
 - Level 1.7 Dodging
 - Level 1.7 Stealth
 + Level 3.3 Spellcasting
 * Level 2.1 Conjurations
 * Level 1.0 Summonings
 * Level 1.2 Translocations


You had 2 spell levels left.
You knew the following spells:

 Your Spells              Type           Power        Failure   Level  Hunger
a - Magic Dart            Conj           ##..         10%         1    None
b - Blink                 Tloc           N/A          14%         2    ##.....
c - Call Imp              Summ           #.......     17%         2    ##.....


Dungeon Overview and Level Annotations

Branches:
Dungeon (3/15)

Altars:


Innate Abilities, Weirdness & Mutations

Your plain brown scales are hard (AC +4).
Your body does not fit into most forms of armour.
You are cold-blooded and may be slowed by cold attacks.


Message History

Okay, then.
Remove which piece of jewellery? (? for menu, Esc to quit)
You remove your amulet of stasis.
The orc hits you with a falchion.
* * * LOW HITPOINT WARNING * * *
You take 1 damage.
Casting: Blink
Confirm with . or Enter, or press ? or * to list all spells.
You blink.
Found a hardcover book.
Found a leather armour.
A quokka comes into view.
Found a stone staircase leading up.
The quokka bites you.
* * * LOW HITPOINT WARNING * * *
You take 3 damage.
Press: ? - help, v - describe, . - travel
Here: a quokka The floor.
The quokka bites you.
You die...

# ##. ## .. #.... ##.
..##. #.# ###.. .....
#.# #...# ....# #.#
####)### ##..###.#
##.......
#.....#.###........
###..##..............
#...@roo.............
#..###:...##.........
#.. #.....#..(......
#. #.[...#......... #
#.....##........
#.....###.......
##...## ########
##<## ###


You could see 2 orcs and a quokka.

Vanquished Creatures
  An orc (D:3)
  A bat (D:1)
  4 hobgoblins
  A giant newt (D:1)
  5 rats
12 creatures vanquished.

Vanquished Creatures (collateral kills)
  Ijyb (D:2)
1 creature vanquished.

Grand Total: 13 creatures vanquished

Notes
Turn   | Place    | Note
--------------------------------------------------------------
     0 | D:1      | xeno23, the Draconian Wizard, began the quest for the Orb.
     0 | D:1      | Reached XP level 1. HP: 14/14 MP: 4/4
   411 | D:1      | Reached XP level 2. HP: 20/20 MP: 6/6
   415 | D:1      | Learned a level 2 spell: Blink
   418 | D:1      | Learned a level 2 spell: Call Imp
   522 | D:2      | Noticed Ijyb
   590 | D:2      | Killed Ijyb
   793 | D:2      | You fall through a shaft!
   833 | D:3      | HP: 1/20 [quokka (4)]
   835 | D:3      | Slain by a quokka

Action                   || total
-------------------------++-------
Melee: Unarmed           ||    47
       Short sword       ||    41
 Cast: Magic Dart        ||    13
       Call Imp          ||     4
       Blink             ||     1
  Use: Potion            ||     1
